Unix NetHack Version 5.0.0-0 post-release - last build May 10 2026 23:12:36 (d1fa5d53e341ca933230fdaa984d921c805b60aa,branch:main).

Game began 2026-05-14 22:22:39, ended 2026-05-15 00:50:02.

Drastanta, lawful male human Samurai

                                --------   ----
                                |......-----@.|
                                |.......^..A.f|
                                |.%....------^|
                                |......|    |.|
                                |----.------|.|
                                |....%|.%..||.|
                                |.....|.00.||.|
                                |..........-|.|
                                |....---...>|<|
                                ------ --------

Drastanta the Ninja    St:14 Dx:17 Co:18 In:11 Wi:9 Ch:7  Lawful
Dlvl:7  $:769 HP:0(74) Pw:32(32) AC:-1 Xp:9 T:10923 

Latest messages:
 Monsters appear from nowhere!
 Pick a monster, object or location.
 Unknown direction: 's' (use '4', '2', '8', '6' or '.').
 You already found a monster.  Use 'm' prefix to force another search.
 You already found a monster.  Use 'm' prefix to force another search.
 You already found a monster.  Use 'm' prefix to force another search.
 Pick a monster, object or location.
 Unknown direction: '^P' (use '4', '2', '8', '6' or '.').
 What do you want to zap? [GIJ or ?*] ?
 In what direction? .
 The carnivorous ape turns to flee.
 The carnivorous ape hits!
 The carnivorous ape hits again!
 The carnivorous ape hits!
 The couatl bites!
 The couatl bites again!
 The couatl misses!
 The horned devil turns to flee.
 The horned devil wields an aklys!
 The horned devil secures the tether on the aklys.
 The guardian naga turns to flee.
 You don't know any spells right now.
 What do you want to zap? [GIJ or ?*] G
 In what direction? >
 You dig a hole through the floor.
 You fall through...
 What do you want to zap? [GIJ or ?*] G
 In what direction? >
 You dig a hole through the floor.
 You fall through...
 Pick a monster, object or location.
 You don't know any spells right now.
 What do you want to zap? [GIJ or ?*] G
 In what direction? >
 You dig a hole through the floor.
 You fall through...
 The couatl bites!
 The couatl's bite was poisoned!
 The couatl misses!
 The couatl misses!
 The tiger just misses!
 The tiger hits!
 The tiger bites!
 You die...
 Do you want your possessions identified? [ynq] (y) y
 Do you want to see your attributes? [ynq] (y) n
 Do you want an account of creatures vanquished? [ynaq] (y) y
 Do you want a list of species genocided? [ynq] (y) y
 Do you want to see your conduct and achievements? [ynq] (y) y
 Do you want to see the dungeon overview? [ynq] (y) y

Inventory:
 Coins    ('$')
  $ - 769 gold pieces
 Weapons  (')')
  c - a +0 yumi (alternate weapon; not wielded)
  K - the rustproof +0 Snickersnee (weapon in left hand)
 Armor    ('[')
  y - an uncursed rustproof +0 dwarvish iron helm (being worn)
  z - an uncursed +1 pair of iron shoes (being worn)
  A - an uncursed +0 dwarvish cloak (being worn)
  e - an uncursed rustproof +0 splint mail (being worn)
 Comestibles  ('%')
  U - 3 uncursed slime molds
  b - 3 uncursed C-rations
  P - 5 uncursed gunyoki
  X - an uncursed pear
  t - an uncursed lizard corpse
 Scrolls  ('?')
  l - 4 uncursed scrolls of confuse monster
  R - an uncursed scroll of earth
 Potions  ('!')
  r - an uncursed potion of gain level
  Z - an uncursed potion of sleeping
 Rings    ('=')
  i - a cursed -3 ring of protection
 Wands    ('/')
  I - a wand of cold (0:5)
  J - a wand of digging (0:5)
  G - a wand of digging (0:1)
 Tools    ('(')
  k - an uncursed osaku

Drastanta the Samurai's attributes:

Background:
 You were a Ninja, a level 9 male human Samurai.
 You were lawful, on a mission for Amaterasu Omikami
 who was opposed by Raijin (neutral) and Susanowo (chaotic).
 You were left-handed.
 You were in Sokoban, on level 7.
 You entered the dungeon 10923 turns ago.
 It was the midnight hour.
 You had 4650 experience points, 470 more were needed to attain level 10.

Basics:
 You had 0 out of 74 hit points.
 You had all 32 energy points (spell power).
 Your armor class was -1.
 Your wallet contained 769 zorkmids.
 Autopickup was off.

Final Characteristics:
 Your strength was 14 (limit:18/100).
 Your dexterity was 17 (limit:18).
 Your constitution was 18 (limit:18).
 Your intelligence was 11 (limit:18).
 Your wisdom was 9 (limit:18).
 Your charisma was 7 (limit:18).

Final Status:
 You weren't hungry.
 You were unencumbered.
 You were wielding a long sword.
 You had basic skill with long sword and could have enhanced that.

Final Attributes:
 You were piously aligned.
 Your items were somewhat protected from fire.
 Your items were somewhat protected from cold.
 You were warded.
 You were fast.
 You are dead.

Miscellaneous:
 You didn't encounter any bones levels.
 Total elapsed playing time was 2 hours, 27 minutes and 23 seconds.

Major events:
 Turn
    1: Drastanta the lawful male human Samurai entered the dungeon
  636: attained the rank of Ronin (level 3)
  743: entered the Gnomish Mines
 1958: reached Mine Town
 1994: attained the rank of Ninja (level 6)
 2233: was bestowed with Snickersnee by Amaterasu Omikami
 5592: performed his first genocide (mind flayers)
 8574: entered Sokoban
 8886: completed 1st Sokoban level
 9436: completed 2nd Sokoban level
 9888: completed 3rd Sokoban level
10923: killed by a tiger

You didn't know any spells.

Skills:
 Fighting Skills
   martial arts      [Basic]
   two weapon combat [Unskilled]
   riding            [Unskilled]
 Weapon Skills
   dagger            [Unskilled]
   knife             [Unskilled]
   short sword       [Basic]
   broadsword        [Unskilled]
   long sword        [Basic]
   two-handed sword  [Unskilled]
   saber             [Unskilled]
   flail             [Unskilled]
   quarterstaff      [Unskilled]
   polearms          [Unskilled]
   spear             [Unskilled]
   lance             [Unskilled]
   bow               [Basic]
   shuriken          [Unskilled]
 Spellcasting Skills
   attack spells     [Unskilled]
   divination spells [Unskilled]
   clerical spells   [Unskilled]

Voluntary challenges:
 Character rerolling was not enabled.
 You genocided 1 type of monster.
 You never polymorphed an object.
 You never changed form.
 You used no wishes.
 You violated the special Sokoban rules once.
Achievements:
 You attained the rank of Ronin.
 You entered the Gnomish Mines.
 You entered Minetown.
 You attained the rank of Ninja.
 You entered a temple.
 You entered a shop.
 You entered Sokoban.

 The Dungeons of Doom: levels 1 to 12
    Level 1:
    Level 2:
    Level 3:
       Stairs down to The Gnomish Mines.
    Level 4:
       A fountain.
    Level 5:
       A fountain.
    Level 6:
    Level 7:
       Many fountains.
    Level 8:
       Stairs up to Sokoban, level 7.
    Level 9:
    Level 10:
       A sink.
    Level 11:
       A general store, some fountains, a grave.
    Level 12:
 The Gnomish Mines: levels 4 to 8
    Level 4:
    Level 5:
    Level 6:
    Level 7:
       Many shops, a temple and an altar to Amaterasu Omikami, some fountains.
    Level 8:
 Sokoban: levels 7 up to 4
    Level 4:
       Unsolved.
    Level 5:
       Solved.
    Level 6:
       Solved.
    Level 7: <- You were here.
       Solved.
       Final resting place for
          you, killed by a tiger.


Vanquished creatures:
  3 giant mimics
  a large mimic
  3 small mimics
  a glass piercer
 an ettin mummy
  a gelatinous cube
  a gargoyle
 an ochre jelly
  2 human mummies
  2 ettin zombies
  3 Grey-elves
  3 soldiers
  a chameleon
  a cockatrice
  3 wolves
  a gremlin
  2 leprechauns
 an orc-captain
 an iron piercer
  a mumak
  3 giant spiders
  2 vampire bats
  3 gnome rulers
 an orc mummy
  a dwarf mummy
  2 brown puddings
  a gold golem
  3 lizards
  a dingo
  2 dust vortices
  5 ravens
  a snake
 an ape
  3 Woodland-elves
  a fire ant
  a bugbear
  a wood nymph
  2 water nymphs
  2 mountain nymphs
 an orc shaman
  2 rock piercers
  4 ponies
  5 fog clouds
  2 shriekers
  a violet fungus
  7 gnome leaders
  4 gnomish wizards
  a kobold mummy
  a paper golem
  4 giant ants
  a little dog
  7 floating eyes
  3 dwarves
  a homunculus
  9 hill orcs
  8 rothes
  2 giant bats
  a monkey
  2 iguanas
 13 killer bees
  2 acid blobs
  4 coyotes
  a gas spore
  3 hobbits
  6 manes
  2 large kobolds
  2 hobgoblins
  a cave spider
  a brown mold
  a yellow mold
  a red mold
 34 gnomes
  8 garter snakes
  5 geckos
 10 jackals
  4 kobolds
  3 goblins
  6 sewer rats
  2 grid bugs
  4 lichens
  a kobold zombie
  9 newts
258 creatures vanquished.

Genocided species:
 mind flayers
1 species genocided.

Game over:
                       ----------
                      /          \
                     /    REST    \
                    /      IN      \
                   /     PEACE      \
                  /                  \
                  |    Drastanta     |
                  |      769 Au      |
                  |   killed by a    |
                  |      tiger       |
                  |                  |
                  |                  |
                  |       2026       |
                 *|     *  *  *      | *
        _________)/\\_//(\/(/\)/\//\/|_)_______

Sayonara Drastanta the Samurai...

You died in Sokoban on dungeon level 7 with 19893 points,
and 769 pieces of gold, after 10923 moves.
You were level 9 with a maximum of 74 hit points when you died.

